 Dungeon Crawl Stone Soup version 0.23.2 (webtiles) character file.

Game seed: 6110411973611528092

1949 Borgoz the Ducker (level 9, -16/73 HPs)
             Began as a Ghoul Gladiator on Apr 3, 2019.
             Was an Initiate of Ashenzari.
             Demolished by an orc warrior
             ... wielding a +0 scimitar of holy wrath
              (18 damage)
             ... on level 7 of the Dungeon.
             The game lasted 00:13:38 (7979 turns).

Borgoz the Ducker (Ghoul Gladiator)                 Turns: 7979, Time: 00:13:39

Health: -16/73     AC: 16    Str: 18    XL:     9   Next: 18%
Magic:  8/8        EV: 10    Int:  6    God:    Ashenzari [......]
Gold:   402        SH:  0    Dex: 10    Spells: 8/8 levels left

rFire    + . .     SeeInvis .   C - +1 short sword (speed)
rCold    + . .     Gourm    .   (no shield)
rNeg     + + +     Faith    .   I - +3 chain mail of Bekeug {+Fly rElec}
rPois    ∞         Spirit   .   c - +0 helmet
rElec    +         Reflect  .   (no cloak)
rCorr    .         Harm     .   (no gloves)
MR       .....                  k - +1 pair of boots
Stlth    ..........             (no amulet)
HPRegen  0.00/turn              A - +1 ring of evasion
MPRegen  0.11/turn              g - ring of protection from fire

@: rotting
A: rotting body, claws 1, carnivore, cold resistance 1, negative energy
resistance 3, inhibited regeneration, torment resistance, unbreathing
a: Curse Item, Renounce Religion, Evoke Flight


You were on level 7 of the Dungeon.
You worshipped Ashenzari.
Ashenzari was noncommittal.
You were not hungry.

You visited 2 branches of the dungeon, and saw 9 of its levels.

You collected 426 gold pieces.
You spent 24 gold pieces at shops.

Inventory:

Hand Weapons
 a - a +0 rapier
 B - the +9 sword of Zonguldrok {reap}
   (You found it on level 4 of the Dungeon)

   If a monster killed with it leaves a corpse in good enough shape, the corpse
   will be animated as a zombie friendly to the killer.
 C - a +1 short sword of speed (weapon)
Missiles
 d - a throwing net (quivered)
 s - 2 javelins
 y - 4 poisoned tomahawks
 F - 3 tomahawks
Armour
 c - a +0 helmet (worn)
 k - a +1 pair of boots (worn)
 I - the +3 chain mail of Bekeug (worn) {+Fly rElec}
   (You found it on level 7 of the Dungeon)

   It insulates you from electricity.
   It lets you fly.
Jewellery
 g - a ring of protection from fire (right claw)
 o - an uncursed ring of stealth
 A - a +1 ring of evasion (left claw)
Wands
 w - a wand of iceblast (2)
 z - a wand of random effects (14)
Scrolls
 e - a scroll of immolation {unknown}
 i - a scroll of blinking {unknown}
 l - 7 scrolls of remove curse
 n - a scroll of fear {unknown}
 p - 4 scrolls of teleportation
 r - 2 scrolls of identify
 u - 2 scrolls of fog {unknown}
 v - a scroll of noise {unknown}
 D - 3 scrolls of enchant armour
 E - a scroll of amnesia {unknown}
 G - a scroll of enchant weapon {unknown}
 H - 3 scrolls of magic mapping {unknown}
Potions
 b - 2 potions of resistance
 j - 2 potions of flight
 m - 2 potions of mutation
 q - a potion of curing
 t - 3 potions of cancellation
 x - a potion of brilliance {unknown}
Comestibles
 f - 11 rations
 h - a chunk of flesh


   Skills:
 + Level 4.8 Fighting
 * Level 5.9 Short Blades
 - Level 0.1(3.6) Long Blades
 - Level 1.7 Throwing
 * Level 5.2 Armour
 * Level 6.0 Dodging
 + Level 4.5 Stealth


You had 8 spell levels left.
You didn't know any spells.
Your spell library contained the following spells:

 Spells                   Type           Power        Failure   Level  Hunger
 Animate Skeleton         Necr           N/A          99%         1    ##.....
 Flame Tongue             Conj/Fire      #....        99%         1    ##.....
 Pain                     Necr           #...         99%         1    ##.....
 Sandblast                Erth           #.....       99%         1    ##.....
 Dazzling Spray           Conj/Hex       #.....       100%        3    ####...
 Regeneration             Chrm/Necr      #.........   100%        3    ####...
 Vampiric Draining        Necr           #.........   100%        3    ####...
 Animate Dead             Necr           N/A          100%        4    #####..
 Bolt of Magma            Conj/Fire/Erth #.........   100%        5    ######.
 Fireball                 Conj/Fire      #.........   100%        5    ######.
 Iskenderun's Battlesphe  Conj/Chrm      #.......     100%        5    ######.


Dungeon Overview and Level Annotations

Branches:
Dungeon (8/15)             Temple (1/1) D:5
   Lair: D:8-11

Altars:
Ashenzari
Cheibriados
Dithmenos
Elyvilon
Fedhas
Gozag
Hepliaklqana
Kikubaaqudgha
Makhleb
Nemelex Xobeh
Okawaru
Qazlal
Ru
Sif Muna
Trog
Uskayaw
Vehumet
Wu Jian
Xom
Yredelemnul
Zin
The Shining One

Shops:
D:5 ?

Annotations:
D:4 2 transporters


Innate Abilities, Weirdness & Mutations

Your body is rotting away.
You thrive on raw meat.
You are immune to poison.
You have sharp fingernails.
You are carnivorous and can eat meat at any time.
Your flesh is cold resistant. (rC+)
You are immune to negative energy. (rN+++)
You do not regenerate when monsters are visible.
You are immune to unholy pain and torment.
You can survive without breathing.


Message History

The orc warrior is severely wounded.
Okay, then.
Evoke which item? (* to show all) (? for menu, Esc to quit)
Aiming: Iceblast
Press: ? - help, Shift-Dir - straight line The mass of ice explodes!
The iceblast engulfs the orc warrior!
The orc warrior is almost dead.
The orc warrior hits you with a +0 scimitar of holy wrath!
* * * LOW HITPOINT WARNING * * *
You convulse.
* * * LOW HITPOINT WARNING * * *
Eat one of 3 chunks of flesh? (ye/n/q)
You eat one of the 3 chunks of flesh.
This raw flesh tastes great!
The orc warrior closely misses you.
Eat one of 2 chunks of flesh? (ye/n/q)
You eat one of the 2 chunks of flesh.
This raw flesh tastes great!
The orc warrior hits you with a +0 scimitar of holy wrath!
* * * LOW HITPOINT WARNING * * *
You convulse!!
You die...

#.#.##########.#
#.#............#
#.##.#########.# #....# ###
#.# #.#..# #.####.#
#.#..####....#.#
#########.#.....#.#....#
#.......#.#.#...#.#....#######
#.#####.#...o@.[...(..........
#.# #.###.......#...#...###.
#.# #.# ###.#####...#...# #.
#.# #.# #.# #####...# #. #.#
#.#####.#########...###. #.#
#....................... #.#
#############...#...###. #.#
#...###...#...# #. #.#
#..........(..# #.


You could see an orc warrior.

Vanquished Creatures
  A hippogriff (D:7)
  A porcupine (D:7)
  A sky beast (D:6)
  An ice beast (D:5)
  A phantom (D:6)
  A crocodile (D:5)
  2 centaurs
  A scorpion (D:7)
  3 howler monkeys
  2 jellies (D:6)
  4 orc priests
  3 hounds
  8 orc wizards
  A bullfrog skeleton (D:5)
  An iguana (D:6)
  Terence (D:2)
  5 worker ants
  A hound zombie (D:3)
  A hound skeleton (D:5)
  A worker ant zombie (D:6)
  A howler monkey skeleton (D:6)
  13 adders
  3 shadow imps
  2 oozes
  2 worms
  4 dart slugs
  5 leopard geckos
  19 orcs
  A ball python (D:2)
  16 bats
  8 giant cockroaches
  9 goblins
  10 hobgoblins
  13 jackals
  4 quokkas
  4 frilled lizards
  6 kobolds
  10 rats
170 creatures vanquished.

Vanquished Creatures (others)
  2 plants (D:4)
2 creatures vanquished.

Grand Total: 172 creatures vanquished

Notes
Turn   | Place    | Note
-------+----------+-------------------------------------------
     0 | D:1      | Borgoz the Ghoul Gladiator began the quest for the Orb.
     0 | D:1      | Reached XP level 1. HP: 17/17 MP: 0/0
    88 | D:1      | Reached XP level 2. HP: 24/24 MP: 1/1
   295 | D:1      | Reached skill level 1 in Armour
   368 | D:1      | Reached XP level 3. HP: 30/30 MP: 2/2
   388 | D:1      | Reached skill level 3 in Dodging
   790 | D:2      | Noticed Terence
   804 | D:2      | Killed Terence
   804 | D:2      | Reached skill level 1 in Stealth
   934 | D:2      | Reached XP level 4. HP: 37/37 MP: 3/3
  1294 | D:2      | Reached XP level 5. HP: 44/44 MP: 4/4
  2395 | D:3      | Reached XP level 6. HP: 48/51 MP: 5/5
  3130 | D:4      | Found the +9 sword of Zonguldrok {reap}
  3233 | D:4      | Reached skill level 4 in Dodging
  3388 | D:4      | Identified the +2 spear "Semiqar" {elec, Dex+4}
  3391 | D:4      | Identified the Tome of Dusty Combat Magic
  3423 | D:4      | Found a transporter.
  3509 | D:4      | Found a transporter.
  3677 | D:5      | Entered Level 5 of the Dungeon
  3695 | D:5      | Reached XP level 7. HP: 31/56 MP: 6/6
  3807 | D:5      | Found a snail-covered altar of Cheibriados.
  3875 | D:5      | Found Koagoik's Magic Scroll Shoppe.
  3928 | D:5      | Bought a scroll of identify for 24 gold pieces
  4174 | D:5      | Found a staircase to the Ecumenical Temple.
  4209 | Temple   | Entered the Ecumenical Temple
  4379 | Temple   | Became a worshipper of Ashenzari the Shackled
  4475 | D:5      | Reached XP level 8. HP: 34/66 MP: 7/7
  5061 | D:6      | Reached skill level 5 in Short Blades
  5061 | D:6      | Reached skill level 5 in Dodging
  6971 | D:7      | Found a white marble altar of Elyvilon.
  7016 | D:7      | Got the uncursed chain mail of Bekeug {+Fly rElec}
  7028 | D:7      | Identified the +3 chain mail of Bekeug {+Fly rElec} (You
                  | found it on level 7 of the Dungeon)
  7288 | D:7      | Found a bloodstained altar of Trog.
  7515 | D:8      | Noticed a death yak
  7515 | D:8      | Noticed a hippogriff
  7540 | D:7      | Killed a hippogriff
  7540 | D:7      | Reached skill level 5 in Armour
  7540 | D:7      | Reached XP level 9. HP: 44/72 MP: 8/8
  7814 | D:7      | Reached skill level 6 in Dodging
  7979 | D:7      | HP: 2/73 [orc warrior/+0 scimitar of holy wrath (16)]
  7979 | D:7      | Demolished by an orc warrior

Skill      XL: |  1  2  3  4  5  6  7  8  9 |
---------------+----------------------------+-----
Short Blades   | 3 4 5 |  5.9
Armour         | 1 2 3 5 |  5.2
Dodging        | 3 4 5 6 |  6.0
Stealth        | 1 2 3 4 |  4.5
Fighting       | 3 4 |  4.8
Long Blades    | |  0.1
Throwing       | |  1.7

Action                   |  1- 3 |  4- 6 |  7- 9 || total
-------------------------+-------+-------+-------++-------
Melee: Rapier            |    82 |   250 |       ||   332
       Double sword      |       |    37 |     2 ||    39
       Short sword       |       |       |   573 ||   573
Throw: Throwing net      |       |       |     3 ||     3
Evoke: Wand              |       |       |     2 ||     2
  Use: Potion            |       |     4 |     3 ||     7
       Scroll            |       |       |     9 ||     9
 Stab: Sleeping          |       |    11 |     2 ||    13
       Held in net/web   |       |       |     2 ||     2
       Distracted        |       |       |     1 ||     1
  Eat: Chunk             |     2 |     6 |    22 ||    30
Armor: Leather armour    |    28 |    44 |       ||    72
       Ring mail         |       |    69 |   129 ||   198
       Chain mail        |       |       |    54 ||    54
Dodge: Dodged            |    57 |   214 |   236 ||   507
       Rpst.: Double sword |       |     7 |       ||     7
